AoeStats
← Jihad Herbie

Arabia

511001396Analyzed
2v2 RM · 13h ago on Oct 3, 2026· 55m 22s· 4 players
Game mode
Random Map
Map size
Medium (4 player)
Population
200
Speed
Normal
Resources
Standard
Victory
Conquest
Starting age
Dark Age
Ending age
Imperial Age
RankedLock teamsTeams togetherTeam positionsShared explorationLock speedFull tech treeHidden civsTurbo modeCheats
Victory
Defeat
🇦🇺 Koreans · Australia
697
+16
🇦🇺 Hindustanis · Australia
697
+16
🇨🇳 Italians · China
705
-16
🇰🇿 Celts · Kazakhstan
700
-16
Polar_Op
10:50 Feudal Age
11:25 Horse Collar
13:14 Wheelbarrow
13:28 Double-Bit Axe
15:31 Gold Mining
18:58 Fletching
25:30 Castle Age
26:05 Crossbowman
26:52 Thumb Ring
29:05 Hand Cart
28:48 Stone Mining
29:28 Bodkin Arrow
36:04 Ballistics
40:56 Imperial Age
38:18 Treadmill Crane
40:49 Bow Saw
41:11 Elite War Wagon
44:15 Conscription
44:54 Gold Shaft Mining
45:03 Caravan
46:04 Bracer
46:43 Husbandry
51:34 Two-Man Saw
Jihad Herbie
12:00 Feudal Age
12:28 Horse Collar
12:36 Double-Bit Axe
21:02 Castle Age
22:56 Husbandry
23:07 Bloodlines
24:24 Forging
24:20 Scale Barding Armor
29:02 Imperial Age
27:11 Heavy Plow
28:25 Iron Casting
29:31 Chain Barding Armor
30:32 Heavy Camel Rider
34:16 Plate Barding Armor
34:42 Blast Furnace
34:07 Gold Mining
34:30 Bow Saw
35:07 Imperial Camel Rider
38:50 Loom
39:45 Wheelbarrow
41:02 Hand Cart
527552271
11:57 Feudal Age
13:09 Double-Bit Axe
13:11 Horse Collar
14:56 Wheelbarrow
15:11 Wheelbarrow
20:17 Castle Age
22:17 Hand Cart
22:37 Bloodlines
21:55 Light Cavalry
23:06 Bow Saw
23:00 Heavy Plow
22:55 Stone Mining
26:09 Husbandry
31:16 Imperial Age
31:37 Forging
31:33 Scale Barding Armor
31:19 Fletching
31:30 Murder Holes
31:46 Masonry
31:58 Ballistics
32:40 Conscription
32:59 Hussar
34:07 Chain Barding Armor
35:40 Iron Casting
35:39 Herbal Medicine
37:32 Town Watch
38:53 Blast Furnace
41:58 Guilds
41:49 Caravan
43:09 Plate Barding Armor
42:30 Bodkin Arrow
42:36 Padded Archer Armor
43:35 Gold Mining
44:46 Stone Shaft Mining
44:03 Elite Genoese Crossbowman
48:17 Leather Archer Armor
48:03 Bracer
51:01 Silk Road
53:25 Hoardings
53:02 Pirotechnia
54:58 Architecture
RaDo
10:59 Feudal Age
12:23 Wheelbarrow
11:38 Double-Bit Axe
12:24 Horse Collar
12:43 Town Watch
12:35 Man-at-Arms
15:51 Man-at-Arms
20:00 Padded Archer Armor
22:49 Castle Age
27:13 Fletching
32:16 Loom
40:48 Bow Saw
42:13 Elite Skirmisher
44:05 Gold Mining
44:10 Stone Mining
48:40 Hand Cart
50:25 Leather Archer Armor
51:44 Heavy Plow
Connection lost

Rejoining the realm…

Still unreachable

The connection could not be restored.

Session expired

The server has moved on; the page needs a fresh start.